 Dungeon Crawl Stone Soup version 0.20.0-1-g1cb1d84 (webtiles) character file.

88 straycat the Insei (level 4, -1/34 HPs)
             Began as a Vampire Wanderer on May 26, 2017.
             Slain by a worm (4 damage)
             ... on level 3 of the Dungeon.
             The game lasted 00:10:47 (2737 turns).

straycat the Insei (Vampire Wanderer)               Turns: 2737, Time: 00:10:48

Health: -1/34      AC:  5    Str: 10    XL:     4   Next: 29%
Magic:  4/4        EV: 11    Int: 12    God:
Gold:   74         SH:  0    Dex: 17    Spells: 3/3 levels left

rFire    . . .     SeeInvis +   a - +2 hand crossbow
rCold    . . .     Gourm    .   (no shield)
rNeg     . . .     Faith    .   d - +0 ring mail
rPois    .         Spirit   .   (no helmet)
rElec    .         Reflect  .   (no cloak)
rCorr    .         Harm     .   (no gloves)
MR       .....     Rnd*Tele +   (no boots)
Stlth    +.........             (no amulet)
Regen    0.4/turn               n - ring of teleportation (curse)
MPRegen  0.1/turn               (no ring)

@: regenerating quickly
A: fangs 3, see invisible, unbreathing
a: no special abilities


You were on level 3 of the Dungeon.
You were full.

You visited 1 branch of the dungeon, and saw 3 of its levels.

You collected 74 gold pieces.

Inventory:

Hand Weapons
 a - a +2 hand crossbow (weapon)
 c - a +0 quarterstaff
 k - a +4 whip
Missiles
 g - 79 stones (quivered)
 o - 18 arrows
Armour
 d - a +0 ring mail (worn)
Jewellery
 n - a cursed ring of teleportation (left hand)
Scrolls
 f - a scroll of fog {unknown}
 h - 3 scrolls of remove curse {unknown}
 i - 3 scrolls of identify {unknown}
 l - 2 scrolls of enchant weapon {unknown}
 m - 2 scrolls of teleportation {unknown}
 r - a scroll of amnesia {unknown}
Potions
 e - 11 potions of blood
 j - a potion of ambrosia {unknown}
 p - a potion of degeneration {unknown}
 q - a potion of lignification {unknown}


   Skills:
 - Level 2.6 Fighting
 - Level 1.0 Staves
 - Level 1.0 Crossbows
 - Level 1.5 Armour
 + Level 2.5 Dodging
 - Level 1.5 Stealth
 * Level 3.6 Unarmed Combat
   Level 1.0 Evocations


You had 3 spell levels left.
You didn't know any spells.

Dungeon Overview and Level Annotations

Branches:
Dungeon (3/15)

Altars:
Makhleb


Innate Abilities, Weirdness & Mutations

Your natural rate of healing is unusually fast.
You have razor-sharp teeth.
You have supernaturally acute eyesight. (SInv)
You can survive without breathing.


Message History

The worm is moderately wounded.
The frilled lizard bites you but does no damage.
Throwing (i - inventory):
g - 82 stones (quivered)
Press: ? - help, Shift-Dir - straight line, f/p - frilled lizard
Aim: a frilled lizard You throw a stone.
The stone hits the frilled lizard.
The frilled lizard is heavily wounded.
The frilled lizard closely misses you. The worm barely misses you.
Throwing (i - inventory):
g - 81 stones (quivered)
Press: ? - help, Shift-Dir - straight line, f/p - frilled lizard
Aim: a frilled lizard You throw a stone.
The stone misses the frilled lizard.
The frilled lizard completely misses you.
Throwing (i - inventory):
g - 80 stones (quivered)
Press: ? - help, Shift-Dir - straight line, f/p - frilled lizard
Aim: a frilled lizard You throw a stone.
The stone hits the frilled lizard.
You kill the frilled lizard!
The worm bites you.
You die...

##.. # ....
...#. #..#
# ..(##...
#. .(...#
#. #(..#
+.. ##...+
#..###....#
#...(w..##
##((((@##
##...##
##+##


You could see a worm.

Vanquished Creatures
  An orc priest (D:3)
  A worm (D:2)
  A leopard gecko (D:1)
  7 bats
  4 giant cockroaches
  3 goblins
  9 hobgoblins
  6 jackals
  A quokka (D:3)
  7 frilled lizards
  5 kobolds
  6 rats
  4 butterflies (D:2)
  A plant (D:2)
56 creatures vanquished.

Notes
Turn   | Place    | Note
-------+----------+-------------------------------------------
     0 | D:1      | straycat the Vampire Wanderer began the quest for the Orb.
     0 | D:1      | straycat set off with: a +2 hand crossbow, 29 bolts, a +0 quarterstaff, a +0 ring mail, a potion of blood
     0 | D:1      | Reached XP level 1. HP: 17/17 MP: 1/1
   186 | D:1      | Reached skill level 1 in Unarmed Combat
   277 | D:1      | Reached XP level 2. HP: 22/23 MP: 2/2
   399 | D:1      | Reached skill level 2 in Unarmed Combat
   903 | D:1      | Reached XP level 3. HP: 28/28 MP: 3/3
  2093 | D:2      | Reached skill level 3 in Unarmed Combat
  2527 | D:2      | Found a burning altar of Makhleb.
  2712 | D:3      | Reached XP level 4. HP: 23/34 MP: 4/4
  2732 | D:3      | HP: 1/34 [frilled lizard (2)]
  2737 | D:3      | Slain by a worm

Skill      XL: |  1  2  3 |
---------------+----------+-----
Unarmed Combat | 1 2 3 |  3.6
Dodging        | 2 |  2.5
Fighting       | |  2.6
Staves         | |  1.0
Crossbows      | |  1.0
Armour         | |  1.5
Stealth        | |  1.5
Evocations     | |  1.0

Action                   |  1- 3 |  4- 6 || total
-------------------------+-------+-------++-------
Melee: Hand crossbow     |   325 |       ||   325
       Bite              |    75 |       ||    75
       Punch             |     6 |       ||     6
 Fire: Hand crossbow     |   128 |     4 ||   132
Throw: Stone             |     6 |    13 ||    19
  Use: Potion            |     7 |       ||     7
Armor: Ring mail         |    18 |     6 ||    24
Dodge: Dodged            |    36 |    18 ||    54
